 Dungeon Crawl Stone Soup version 0.32-a0-616-g9348d4545b (webtiles) character file.

Game seed: 14928142006850092611

2718 croobank the Covert (level 9, -7/62 HPs)
             Began as an Octopode Delver on Mar 5, 2024.
             Was a Priest of Kikubaaqudgha.
             Killed from afar by a steam dragon (19 damage)
             ... with a ball of steam
             ... on level 7 of the Dungeon.
             The game lasted 00:33:49 (8549 turns).

croobank the Covert (Octopode Delver)               Turns: 8549, Time: 00:33:50

Health: -7/62      AC:  1    Str: 11    XL:     9   Next: 66%
Magic:  24/24      EV: 15    Int: 17    God:    Kikubaaqudgha [***...]
Gold:   135        SH:  0    Dex: 13    Spells: 16/16 levels left

rFire   . . .        y - +4 dagger
rCold   . . .        (no shield)
rNeg    . . .        (helmet restricted)
rPois   .            (no amulet)
rElec   .            c - ring of magical power
rCorr   .            (no ring)
SInv    .            (no ring)
Will    .....        (no ring)
Stlth   ++++++       (no ring)
HPRegen 0.30/turn    (no ring)
MPRegen 0.19/turn    (no ring)
                     (no ring)

%: no passive effects
@: no status effects
A: almost no armour, amphibious, 8 rings, camouflage 1, gelatinous body 1,
(nimble swimmer 1), tentacles
a: Renounce Religion, Unearth Wretches


You were on level 7 of the Dungeon.
You worshipped Kikubaaqudgha.
Kikubaaqudgha was most pleased with you.
You visited 2 branches of the dungeon, and saw 8 of its levels.
You also visited: Sewer.

You collected 415 gold pieces.
You spent 280 gold pieces at shops.

Inventory:

Hand Weapons
 b - a +0 sling
 g - a +0 war axe of flaming
 m - a +3 spear of freezing
 p - a +1 dagger of freezing
 w - a +2 hand axe of freezing
 y - a +4 dagger (weapon)
 z - a +0 trident
 A - a +1 whip of flaming
 C - a +0 orcbow
Missiles
 a - 4 javelins
 J - 6 boomerangs
Jewellery
 c - a ring of magical power (left tentacle)
Wands
 f - a wand of digging (2)
 k - a wand of flame (12)
 r - a wand of polymorph (6)
Scrolls
 e - a scroll of fear
 i - 3 scrolls of blinking
 q - 5 scrolls of revelation
 s - a scroll of immolation
 t - 2 scrolls of noise {unknown}
 v - 3 scrolls of teleportation
 F - 6 scrolls of poison {unknown}
Potions
 d - a potion of might
 h - 2 potions of brilliance
 j - 2 potions of cancellation
 n - 2 potions of mutation
 o - 3 potions of haste
 u - 2 potions of attraction {unknown}
 x - 3 potions of lignification {unknown}
 D - 2 potions of magic {unknown}
 E - a potion of degeneration {unknown}
 G - 2 potions of curing {unknown}
 H - a potion of berserk rage {unknown}


   Skills:
 + Level 5.8 Fighting
 + Level 5.3 Short Blades
 + Level 5.3 Dodging
 - Level 11.3 Stealth
 + Level 4.3 Spellcasting
 + Level 4.7 Necromancy


You had 16 spell levels left.
You didn't know any spells.
Your spell library contained the following spells:

 Spells                   Type           Power      Damage    Failure   Level
 Necrotise                Necr           76%        1d7       2%          1
 Sublimation of Blood     Necr           19%        N/A       3%          2
 Kiss of Death            Conj/Necr      44%        2d8       6%          1
 Fugue of the Fallen      Necr           19%        N/A       6%          3
 Vampiric Draining        Necr           19%        2d7       6%          3
 Slow                     Hex            12%        N/A       16%         1
 Animate Dead             Necr           19%        N/A       22%         4
 Confusing Touch          Hex            3%         N/A       43%         3
 Inner Flame              Hex/Fire       3%         N/A       43%         3
 Sigil of Binding         Hex            3%         N/A       43%         3
 Tukima's Dance           Hex            3%         N/A       43%         3
 Martyr's Knell           Necr/Summ      11%        N/A       50%         4
 Curse of Agony           Necr           19%        N/A       52%         5
 Dimensional Bullseye     Hex/Tloc       1%         N/A       83%         4
 Iskenderun's Mystic Bla  Conj/Tloc      3%         2d3       83%         4
 Borgnjor's Vile Clutch   Necr/Erth      5%         N/A       85%         5
 Death Channel            Necr           9%         N/A       97%         6
 Irradiate                Conj/Alch      1%         3d12      99%         5
 Ignition                 Fire           1%         3d3       100%        8


Dungeon Overview and Level Annotations

Branches:
Dungeon (7/15)             Temple (1/1) D:6           Sewer (visited)

Altars:
Ashenzari
Dithmenos
Elyvilon
Fedhas
Gozag
Hepliaklqana
Kikubaaqudgha
Makhleb
Nemelex Xobeh
Okawaru
Qazlal
Ru
Sif Muna
Trog
Uskayaw
Vehumet
Xom
Zin
The Shining One

Shops:
D:2 =(*[   D:3 *   D:5 (

Annotations:
D:5 1 runed translucent door, jamsaran's ghost, novice DgAl
Temple 2 transporters


Innate Abilities, Weirdness & Mutations

You cannot wear most types of armour.
You are amphibious.
You can wear up to eight rings at the same time.
Your skin changes colour to match your surroundings (Stealth+).
Your rubbery body absorbs attacks. (AC +1, EV +1)
((You are camouflaged when in or above water. (Stealth+)))
You have tentacles for arms and can constrict up to eight enemies at once.


Message History

As you read the scroll of butterflies, it crumbles to dust.
You hear the flapping of tiny wings.
Something barely misses your butterfly. Something claws your butterfly.
Your butterfly dies!
Your butterfly disappears in a burst of colours!
You swap places.
Your butterfly is engulfed in a cloud of scalding steam.
Your butterfly dies!
Your butterfly disappears in a burst of colours!
Your butterfly is engulfed in a cloud of scalding steam.
Your butterfly dies!
Your butterfly disappears in a burst of colours!
Your butterfly is engulfed in a cloud of scalding steam.
Your butterfly dies!
Your butterfly disappears in a burst of colours!
You swap places.
Your butterfly is engulfed in a cloud of scalding steam.
Your butterfly dies!
Your butterfly disappears in a burst of colours!
Your butterfly is engulfed in a cloud of scalding steam.
Your butterfly dies!
Your butterfly disappears in a burst of colours!
Your butterfly is engulfed in a cloud of scalding steam.
Your butterfly dies!
Your butterfly disappears in a burst of colours!
You swap places.
There is a stone staircase leading down here.
The steam dragon breathes steam at you. The ball of steam hits your butterfly!!
Your butterfly dies!
Your butterfly disappears in a burst of colours!
The ball of steam hits your butterfly!
Your butterfly dies!
Your butterfly disappears in a burst of colours!
The ball of steam hits your butterfly!!
Your butterfly dies!
Your butterfly disappears in a burst of colours!
The ball of steam hits you!!
You die...
Kikubaaqudgha rasps: You have failed me!
Welcome... death!

# #.#.....[..####.#### #.
#.#.###............. #.
#.#####§..###....####.####
#..#.....§....##....#.......#
#(.#.b§§§§....##....#.##.##.#
#(..bb§§§............#...#..
#
#.(.§b§D§....##....###._.###
####
#(..b§§§§§b..........).... .
...#
#...bb§§b.§@b#......#.#.#.
.#.#
#..#§§§b§.bb.bb...#.#......
...###..#...b.bbbb#.##.#...#.
..........§.#..b..#..... .##
.......##.b.#.#.b......## .
.........#........... .# ##
##....<[....b......... .
..........b..........#
####.....÷....#...


There were no monsters in sight!

Vanquished Creatures
  Pikel (D:7)
  Maurice (D:7)
  Menkaure (D:7)
  2 ice beasts
  Pargi (Sewer)
  2 ogres
  2 lemures (D:6)
  2 brain worms (Sewer)
  Blork the orc (D:4)
  A gnoll sergeant (D:6)
  2 bullfrogs
  A scorpion (D:5)
  3 wights (D:6)
  2 jellies
  2 bombardier beetles (D:5)
  3 orc priests (D:6)
  A hound (D:7)
  2 sleepcaps
  3 iguanas
  An orc wizard (D:6)
  11 gnolls
  11 adders
  3 dart slugs
  2 ribbon worms (D:2)
  10 orcs
  8 endoplasms
  18 giant cockroaches
  7 goblins
  6 hobgoblins
  5 kobolds
  5 quokkas
  10 ball pythons
  12 bats
  6 frilled lizards
  2 rats
150 creatures vanquished.

Vanquished Creatures (others)
  A wight (D:6)
1 creature vanquished.

Grand Total: 151 creatures vanquished

Notes
Turn   | Place    | Note
-------+----------+-------------------------------------------
     0 | D:5      | croobank the Octopode Delver began the quest for the Orb.
     0 | D:5      | Reached XP level 1. HP: 16/16 MP: 1/1
    18 | D:7      | Noticed an orc priest
    18 | D:7      | Noticed an orc priest
    46 | D:6      | Noticed an iguana
    55 | D:6      | Found a glowing drain.
    59 | Sewer    | Entered a sewer
   101 | Sewer    | Reached skill level 7 in Stealth
   101 | Sewer    | Reached XP level 2. HP: 14/21 MP: 2/2
   188 | Sewer    | Noticed a brain worm
   246 | Sewer    | Reached skill level 8 in Stealth
   246 | Sewer    | Reached XP level 3. HP: 23/26 MP: 3/3
   259 | Sewer    | Killed a brain worm
   260 | Sewer    | Reached skill level 9 in Stealth
   260 | Sewer    | Reached XP level 4. HP: 25/31 MP: 4/4
   287 | Sewer    | Noticed a brain worm
   303 | Sewer    | Killed a brain worm
   304 | Sewer    | Reached skill level 10 in Stealth
   304 | Sewer    | Reached XP level 5. HP: 28/36 MP: 5/5
   348 | Sewer    | Noticed Pargi
   846 | Sewer    | HP: 1/36 [Pargi (4)]
  1565 | Sewer    | Killed Pargi
  1566 | Sewer    | Reached XP level 6. HP: 10/42 MP: 6/6
  1773 | D:6      | Reached skill level 11 in Stealth
  1786 | D:6      | Found a staircase to the Ecumenical Temple.
  1796 | Temple   | Found a transporter.
  1796 | Temple   | Found a transporter.
  1796 | Temple   | Found a transporter.
  1796 | Temple   | Found a transporter.
  1796 | Temple   | Entered the Ecumenical Temple
  1812 | Temple   | Became a worshipper of Kikubaaqudgha
  2049 | D:2      | Found Adoit's General Store.
  2117 | D:2      | Found Bocanig's Jewellery Boutique.
  2448 | D:1      | Reached * piety under Kikubaaqudgha
  2448 | D:1      | Received a gift from Kikubaaqudgha
  2969 | D:2      | Found Mait's Antique Armour Shop.
  3045 | D:2      | Found Fotzes's Antique Weapon Shop.
  3453 | D:3      | Found a hazy altar of Hepliaklqana.
  3454 | D:3      | Reached ** piety under Kikubaaqudgha
  3534 | D:3      | Found Gaecium's General Store.
  3643 | D:3      | Found a hide-covered altar of Uskayaw.
  3860 | D:3      | Found a bloodstained altar of Trog.
  3925 | D:4      | Found a sparkling altar of Nemelex Xobeh.
  3969 | D:4      | Reached XP level 7. HP: 19/46 MP: 7/7
  3985 | D:5      | Reached skill level 1 in Necromancy
  4079 | D:5      | Reached skill level 1 in Spellcasting
  4753 | D:4      | Noticed Blork the orc
  4757 | D:4      | Killed Blork the orc
  5087 | D:5      | Found Waxong's Antique Weapon Shoppe.
  5179 | D:5      | Reached XP level 8. HP: 28/54 MP: 11/11
  5637 | D:5      | Found a runed translucent door.
  5638 | D:5      | Noticed jamsaran's ghost (novice DgAl)
  5711 | D:2      | Bought a scroll of blinking for 105 gold pieces
  5711 | D:2      | Bought a scroll of identify for 28 gold pieces
  5711 | D:2      | Bought a scroll of teleportation for 42 gold pieces
  5711 | D:2      | Bought a scroll of enchant weapon for 105 gold pieces
  5881 | D:6      | Found an iron altar of Okawaru.
  5881 | D:6      | Found a shimmering blue altar of Sif Muna.
  6071 | D:7      | Noticed Menkaure
  6633 | D:7      | Noticed Maurice
  6634 | D:7      | Killed Maurice
  6635 | D:7      | Reached skill level 5 in Fighting
  6635 | D:7      | Reached XP level 9. HP: 61/61 MP: 14/14
  6637 | D:7      | Reached *** piety under Kikubaaqudgha
  6637 | D:7      | Received a gift from Kikubaaqudgha
  6638 | D:7      | Noticed Pikel
  8085 | D:7      | Noticed a hornet
  8148 | D:7      | Found a white marble altar of Elyvilon.
  8148 | D:7      | Found a blossoming altar of Fedhas.
  8180 | D:7      | Killed Menkaure
  8181 | D:7      | Reached skill level 5 in Dodging
  8377 | D:7      | Killed Pikel
  8378 | D:7      | Reached skill level 5 in Short Blades
  8549 | D:7      | Killed from afar by a steam dragon

Illustrated notes

Levels and vault maps discovered:
D:1:      dpeg_arrival_short_road, layout_basic
D:2:      minmay_roachtagon, layout_basic, serial_shops,
          nicolae_shop_tiny_waterfront, shop, nicolae_shop_advertising_works
          [nicolae_subvault_shop_adworks], nicolae_shop_pleasant_corner_grove,
          minivault_11, chequers_avenue
D:3:      layout_rooms, overflow_temple_1_default,
          mainiacjoe_overflow_surrounded_room, eat_drink_and_be_merry_uskayaw,
          serial_shops, shop
D:4:      layout_loops_ring, nemelex_spade_bored_becter, nicolae_eternal_life,
          uniq_blork_the_orc
D:5:      layout_basic, serial_shops, shop, ebering_ghost_reflecting_pool
D:6:      layout_cave_pools, mainiacjoe_overflow_big_doors,
          minmay_temple_entry_antechambers,
          mainiacjoe_sewer_entry_somewhere_in_here_2, supply_closet_lemuel,
          kennysheep_generic_room_13
D:7:      layout_rooms, nicolae_wu_jian_immortal_techniques,
          mainiacjoe_overflow_large_starburst, uniq_pikel, uniq_menkaure,
          uniq_maurice, uniq_crazy_yiuf_cottage
Temple:   hellmonk_temple_divided_pantheon

Skill      XL: |  1  2  3  4  5  6  7  8  9 |
---------------+----------------------------+-----
Stealth        | 7 8 9 10 11 | 11.3
Necromancy     | 2 3 4 |  4.7
Spellcasting   | 2 3 4 |  4.3
Dodging        | 3 4 5 |  5.3
Short Blades   | 3 4 5 |  5.3
Fighting       | 4 5 |  5.8

Action                     |  1- 3 |  4- 6 |  7- 9 || total
---------------------------+-------+-------+-------++-------
  Melee: Short sword       |    28 |   103 |       ||   131
         Tentacles         |     8 |    30 |    56 ||    94
         Constrict         |     6 |    24 |    38 ||    68
         Dagger            |       |    84 |   167 ||   251
  Throw: Javelin           |       |       |    11 ||    11
         Dart              |       |       |    22 ||    22
  Evoke: Wand              |     1 |       |     1 ||     2
    Use: Scroll            |     3 |     1 |    14 ||    18
         Potion            |     1 |       |     4 ||     5
   Stab: Sleeping          |     2 |    43 |    12 ||    57
 Armour: Skin              |    15 |   151 |    79 ||   245
  Dodge: Dodged            |    12 |   154 |    91 ||   257

Table legend: (Time is in decaauts)
 A = Elapsed time spent in this place.
 B = Non-inter-level travel time spent in this place.
 C = Inter-level travel time spent in this place.
 D = Time resting spent in this place.
 E = Time spent auto-exploring this place.
 F = Levels seen in this place.
 G = Mean time per level.
                   A        B        C        D        E       F      G
               +--------+--------+--------+--------+--------+-----+--------+
         Total |   8499 |   8164 |    335 |   3524 |   2635 |   9 |  944.3 |
       Dungeon |   6829 |   6494 |    335 |   2277 |   2611 |   7 |  975.6 |
        Temple |     30 |     30 |      0 |      0 |      0 |   1 |   30.0 |
         Sewer |   1639 |   1639 |      0 |   1247 |     24 |   1 | 1639.0 |
               +--------+--------+--------+--------+--------+-----+--------+

Top non-repeatable levels by time:
     D:6: 2376 daAuts
   Sewer: 1639 daAuts
     D:5: 938 daAuts
     D:4: 889 daAuts
     D:1: 722 daAuts
     D:2: 681 daAuts
     D:7: 616 daAuts
     D:3: 604 daAuts
  Temple: 30 daAuts
